 Dungeon Sprint DCSS version 0.30-a0-672-gc3a7216ad8 (webtiles) character file.

Game seed: 4660212635723524819

0 rocky1 the Poker (level 2, -1/26 HPs)
             Began as a Minotaur Gladiator on Jan 19, 2023.
             Was an Initiate of Gozag.
             Slain by a gnoll
             ... wielding a +0 whip
              (4 damage)
             ... in the Dungeon (Sprint VI: "Thunderdome").
             The game lasted 00:00:45 (102 turns).

rocky1 the Poker (Minotaur Gladiator)                Turns: 102, Time: 00:00:46

Health: -1/26      AC:  3    Str: 18    XL:     2   Next: 51%
Magic:  1/1        EV: 13    Int:  5    God:    Gozag
Gold:   245        SH:  0    Dex: 11    Spells: 1/1 levels left

rFire   . . .      SeeInvis .    a - +0 trident
rCold   . . .      Faith    .    (no shield)
rNeg    . . .      Spirit   .    b - +0 leather armour
rPois   .          Reflect  .    c - +0 hat
rElec   .          Harm     .    (no cloak)
rCorr   .          Rampage  .    (no gloves)
Will    .....      NoTele   +    (no boots)
Stlth   +                        (no amulet)
HPRegen 0.24/turn                (no ring)
MPRegen 0.07/turn                (no ring)

@: no status effects
A: horns 2, retaliatory headbutt
a: Renounce Religion, Potion Petition, Call Merchant, Bribe Branch


You were in the Dungeon.
You worshipped Gozag.
Gozag was aware of your devotion.
You visited 1 branch You collected 245 gold pieces.

Inventory:

Hand Weapons
 a - a +0 trident (weapon)
Missiles
 d - 3 throwing nets (quivered)
 e - a javelin
Armour
 b - a +0 leather armour (worn)
 c - a +0 hat (worn)
Wands
 l - a wand of iceblast (5)
 m - a wand of quicksilver (5)
Scrolls
 k - 4 scrolls of blinking
 n - 3 scrolls of fog
Potions
 f - a potion of curing
 g - 4 potions of heal wounds
 h - 4 potions of haste
 i - 2 potions of magic
 j - a potion of berserk rage
 o - a potion of resistance


   Skills:
 + Level 3.2 Fighting
 + Level 5.3 Polearms
 + Level 2.4 Throwing
 + Level 0.6 Armour
 + Level 4.8 Dodging


You had one spell level left.
You didn't know any spells.
Your spell library was empty.

Dungeon Overview and Level Annotations

Branches:
Dungeon (1/1)

Altars:
Cheibriados
Dithmenos
Fedhas
Gozag
Kikubaaqudgha
Makhleb
Okawaru
Qazlal
Ru
Sif Muna
Trog
Uskayaw
Vehumet
Wu Jian
Xom
Yredelemnul
Zin
The Shining One
Lugonu

Shops:
D *[??*?*:[((!!!!


Innate Abilities, Weirdness & Mutations

You have a pair of horns on your head.
You reflexively headbutt those who attack you in melee.


Message History

The gnoll is lightly wounded.
The gnoll barely misses you.
A gnoll comes into view. It is wielding a +0 whip.
The gnoll shouts!
You hit the gnoll but do no damage. Your headbutt misses the gnoll.
The gnoll is lightly wounded.
The gnoll closely misses you. You furiously retaliate!
You headbutt the gnoll. You hit the gnoll.
The gnoll is moderately wounded.
The gnoll misses you. You furiously retaliate!
You headbutt the gnoll. You completely miss the gnoll.
The gnoll is heavily wounded.
The gnoll hits you with a +0 club.
You closely miss the gnoll. Your headbutt misses the gnoll.
The gnoll is heavily wounded.
The gnoll hits you with a +0 club.
You barely miss the gnoll.
The gnoll is heavily wounded.
The gnoll hits you with a +0 club.
You are too injured to fight recklessly!
You are too injured to fight recklessly!
You are too injured to fight recklessly!
You are too injured to fight recklessly!
You are too injured to fight recklessly!
You are too injured to fight recklessly!
You are too injured to fight recklessly!
You are too injured to fight recklessly!
You are too injured to fight recklessly!
You are too injured to fight recklessly!
You hit the gnoll. Your headbutt misses the gnoll.
The gnoll is almost dead.
The gnoll hits you with a +0 club.
* * * LOW HITPOINT WARNING * * *
You closely miss the gnoll.
The gnoll is almost dead.
The gnoll hits you with a +0 club.
* * * LOW HITPOINT WARNING * * *
The gnoll hits you with a +0 whip.
You die...
Your body crumbles into a pile of gold.

##∩.....∩## #∩.......∩#
#_......._# #_......._#
#_..)...._# ###.........###
#⌠...........⌠#
######g8.........8.#####
##._._..@...###......___∩
###∩.....)g.8.# #.8........
##.............###..........
#⌠..........###...###.......
#⌠..........# #.<.# #.......
#⌠..........###...###.......
##.............###..........
###∩........8.# #.8........
##∩_._......###......._.∩


You could see 2 gnolls.

Vanquished Creatures
  2 gnolls (D)
2 creatures vanquished.

Notes
Turn   | Place    | Note
-------+----------+-------------------------------------------
     0 | D        | rocky1 the Minotaur Gladiator began the quest for the Orb.
     0 | D        | Reached XP level 1. HP: 18/18 MP: 0/0
     1 | D        | Found a sacrificial altar of Ru.
     1 | D        | Found a shimmering altar of Xom.
     2 | D        | Found a burning altar of Makhleb.
     3 | D        | Found a corrupted altar of Lugonu.
     3 | D        | Found a basalt altar of Yredelemnul.
     4 | D        | Found an ornate altar of the Wu Jian Council.
     4 | D        | Found an iron altar of Okawaru.
     4 | D        | Found Uroaq's Magic Scroll Shop.
     4 | D        | Found Cocu's Staff Store.
     5 | D        | Found Jiut's Magic Scroll Shop.
     5 | D        | Found Coshrizia's Must-Have Magic.
     5 | D        | Round 1.
     6 | D        | Found a blossoming altar of Fedhas.
     7 | D        | Found a snail-covered altar of Cheibriados.
     7 | D        | Found Heirghuy's Identification Station.
     8 | D        | Found Kifeof's Jewellery.
     8 | D        | Found Jyehiboa's Advanced Armour.
    16 | D        | Reached skill level 4 in Polearms
    16 | D        | Reached XP level 2. HP: 17/26 MP: 1/1
    18 | D        | Found a shadowy altar of Dithmenos.
    19 | D        | Found a glowing silver altar of Zin.
    20 | D        | Found an ancient bone altar of Kikubaaqudgha.
    23 | D        | Found Fajooh's Premium Goods.
    24 | D        | Found a stormy altar of Qazlal.
    24 | D        | Found a glowing golden altar of the Shining One.
    24 | D        | Found a bloodstained altar of Trog.
    24 | D        | Found Ejab's Weapon Rack.
    26 | D        | Found Xigoth's Miscellaneous Merchandise.
    26 | D        | Found Ixkannot's Basic Armour.
    31 | D        | Found a hide-covered altar of Uskayaw.
    34 | D        | Found Palidd's Do-It-Yourself Clinic.
    36 | D        | Found Koedisko's Bottled Wisdom.
    36 | D        | Found Veexzud's Distillery.
    38 | D        | Found an opulent altar of Gozag.
    38 | D        | Found a radiant altar of Vehumet.
    38 | D        | Found a shimmering blue altar of Sif Muna.
    38 | D        | Found Xotoul's Distillery.
    48 | D        | Became a worshipper of Gozag Ym Sagoz the Greedy
    66 | D        | Reached skill level 5 in Polearms
   102 | D        | Slain by a gnoll

Illustrated notes

Levels and vault maps discovered:
D:        arena_sprint

Skill      XL: |  1  2 |
---------------+-------+-----
Fighting       | 3 |  3.2
Polearms       | 4 5 |  5.3
Dodging        | 4 |  4.8
Throwing       | |  2.4
Armour         | |  0.6

Action                   || total
-------------------------++-------
Melee: Trident           ||    16
       Headbutt          ||     1
Dodge: Dodged            ||     6

Table legend: (Time is in decaauts)
 A = Elapsed time spent in this place.
 B = Non-inter-level travel time spent in this place.
 C = Inter-level travel time spent in this place.
 D = Time resting spent in this place.
 E = Time spent auto-exploring this place.
 F = Levels seen in this place.
 G = Mean time per level.
                   A        B        C        D        E       F      G
               +--------+--------+--------+--------+--------+-----+--------+
         Total |    103 |    103 |      0 |      0 |      0 |   1 |  103.0 |
       Dungeon |    103 |    103 |      0 |      0 |      0 |   1 |  103.0 |
               +--------+--------+--------+--------+--------+-----+--------+

Top non-repeatable levels by time:
       D: 103 daAuts
